 Dungeon Crawl Stone Soup version 0.30.0-20-g3615ddf2f0 (webtiles) character file.

Game seed: 9478531860516876249

103294 qw the Severer (level 16, -5/104 HPs)
             Began as a Gargoyle Fighter on June 1, 2023.
             Was an Elder of Okawaru.
             Slain by an entropy weaver (9 damage)
             ... on level 1 of the Spider Nest.
             The game lasted 00:13:32 (24782 turns).

qw the Severer (Gargoyle Fighter)                  Turns: 24782, Time: 00:13:32

Health: -5/104     AC: 43    Str: 32    XL:     16   Next: 35%
Magic:  23/23      EV: 11    Int:  9    God:    Okawaru [****..]
Gold:   152        SH:  0    Dex:  9    Spells: 15/15 levels left

rFire   + . .        g - +3 war axe (flame)
rCold   . . .        y - +5 kite shield of Roovviag {Str+4}
rNeg    + . .        D - +4 plate armour {rF+}
rPois   inf          m - +2 helmet
rElec   +            r - +1 cloak
rCorr   .            u - +2 pair of gloves
SInv    +            B - +1 pair of boots "Lulev" {Stlth+}
Will    +....        q - amulet of faith Stlth
                     i - +5 ring of evasion
HPRegen 0.37/turn    w - ring of see invisible
MPRegen 0.18/turn

%: faith
@: about to teleport, heroic, corroded, flying, held
A: sickness immunity, AC +12, big wings, negative energy resistance 1,
electricity resistance, torment resistance 1, petrification resistance
a: Renounce Religion, Heroism, Finesse


You were on level 1 of the Spider Nest.
You worshipped Okawaru.
Okawaru was greatly pleased with you.
You visited 4 branches of the dungeon, and saw 23 of its levels.
You also visited: Sewer.

You collected 3065 gold pieces.
You spent 2913 gold pieces at shops.


Innate Abilities, Weirdness & Mutations

You are immune to sickness and miasma.
Your stone body is resilient. (AC +12)
You are immune to poison.
Your large and strong wings let you fly.
You resist negative energy. (rN+)
You are resistant to electric shocks. (rElec)
You are resistant to unholy torment.
You are immune to petrification.


   Skills:
 - Level 13.0(18.0) Fighting
 - Level 16.0(21.0) Axes
 - Level 7.0(12.0) Throwing
 + Level 12.3(17.3) Armour
 - Level 5.0(10.0) Dodging
 - Level 13.0(18.0) Shields
 - Level 10.0 Invocations


You had 15 spell levels left.
You didn't know any spells.
Your spell library was empty.

Inventory:

Hand Weapons
 g - a +3 war axe of flaming (weapon)
Missiles
 f - 2 silver javelins (quivered)
 A - 12 boomerangs
Armour
 l - +0 acid dragon scales
 m - a +2 helmet (worn)
 r - a +1 cloak (worn)
 u - a +2 pair of gloves (worn)
 y - the +5 kite shield of Roovviag (worn) {Str+4}
   (Okawaru gifted it to you on level 5 of the Lair of Beasts)

   Str:       It affects your strength (+4).
 B - the +1 pair of boots "Lulev" (worn) {Stlth+}
   (Okawaru gifted it to you on level 14 of the Dungeon)

   Stlth:     It makes you more stealthy.
 D - a +4 plate armour of fire resistance (worn)
Jewellery
 c - an amulet of regeneration
 i - a +5 ring of evasion (left hand)
 q - an amulet of faith (around neck)
 w - a ring of see invisible (right hand)
 E - a +6 ring of strength
 F - a ring of fire
Wands
 x - a wand of digging (7)
Scrolls
 a - 9 scrolls of identify
 e - a scroll of teleportation
Potions
 b - 2 potions of mutation
 d - 4 potions of might
 h - 3 potions of heal wounds
 j - 5 potions of cancellation
 k - 4 potions of resistance
 n - 9 potions of attraction
 o - 8 potions of curing
 p - 3 potions of magic
 s - 4 potions of lignification
 v - 3 potions of haste

Dungeon Overview and Level Annotations

Branches:
Dungeon (15/15)            Temple (0/1) D:5            Lair (5/5) D:11
 Shoals (0/4) Lair:2       Spider (1/4) Lair:3        Slime (0/5) Lair:5
    Orc (2/2) D:9             Elf (0/3) Orc:2        Vaults (0/5) D:14
 Depths (0/4) D:15          Sewer (visited)

Altars:
Ashenzari
Cheibriados
Elyvilon
Fedhas
Gozag
Okawaru
Qazlal
Uskayaw
Vehumet
Zin
Jiyva

Shops:
D:4 !   Orc:2 :**(=

Annotations:
D:9 6 transporters
D:13 3 runed translucent doors, 2 transporters, qw's ghost, journeyman GrFi
Orc:2 3 runed translucent doors, qw's ghost, adept GrFi; qw's ghost, journeyman GrFi


Message History

The entropy weaver barely misses you. The jorogumo closely misses you.
The tarantella touches you but does no damage.
The redback bites you but does no damage.
The wolf spider hits you but does no damage.
The wolf spider bites you but does no damage.
The redback bites you but does no damage.
The boulder beetle curls into a ball and begins rolling!
The pharaoh ant bites you but does no damage.
The tarantella touches you but does no damage.
The entropy weaver hits you but does no damage.
The entropy weaver barely misses you. The entropy weaver hits you. x2
The redback bites you but does no damage.
The wolf spider hits you but does no damage.
The wolf spider bites you but does no damage.
The jumping spider leaps!
The redback bites you but does no damage.
The jorogumo casts a spell at you.
The stream of webbing hits you but does no damage.
You are even more entangled.
The pharaoh ant barely misses you.
The entropy weaver hits you but does no damage.
The entropy weaver closely misses you. The entropy weaver barely misses you.
The entropy weaver hits you.
The redback bites you but does no damage.
The redback misses you. The wolf spider hits you!
The wolf spider bites you but does no damage.
The jorogumo hits you but does no damage.
24782 ||| READING 2 scrolls of teleportation.
As you read the scroll of teleportation, it crumbles to dust.
You feel strangely unstable. The pharaoh ant closely misses you.
The tarantella touches you but does no damage.
The jumping spider pounces on you but does no damage.
The jumping spider barely misses you.
The redback bites you but does no damage.
The wolf spider hits you! The wolf spider bites you.
The redback bites you but does no damage.
The entropy weaver closely misses you.
The entropy weaver hits you but does no damage.
The entropy weaver hits you!
You die...

!....^.###
.......#.## .##
........^. ..#.
.........###.....
.........#.#.....
.........#.......
.......<.#.....##
.#......Bss......
#...$..B@s......
#......ssHs.....
.........BB......
.#.##....0s0..##.
..........0.....
.......^......#..
..?.##.^..... .
.... .........


You could see a jorogumo, a boulder beetle (rolling), an entropy weaver, a wolf
spider, an orb spider (charged), 2 pharaoh ants, 2 jumping spiders, a tarantella
and 2 redbacks.

Vanquished Creatures
  3 orc warlords
  A very ugly thing (D:15)
  2 dire elephants (Lair:5)
  Azrael (D:12)
  Snorg (D:12)
  An ettin (Orc:2)
  Josephine (D:12)
  A rakshasa (D:15)
  A great orb of eyes (D:15)
  3 hydras
  Erolcha (D:11)
  3 vault guards (D:14)
  A radroach (shapeshifter) (D:14)
  3 boulder beetles
  4 centaur warriors
  A catoblepas (D:12)
  3 tengu warriors (D:14)
  4 two-headed ogres
  An orc high priest (Orc:2)
  A spectral death yak (Lair:5)
  8 skeletal warriors
  A spectral anaconda (Lair:5)
  3 skysharks (Lair:5)
  A deep troll (shapeshifter) (D:15)
  A wizard (D:14)
  An obsidian statue (Lair:5)
  4 necromancers
  5 orc sorcerers (Orc:2)
  3 manticores
  8 orc knights
  9 ugly things
  8 cyclopes
  Joseph (D:7)
  14 elephants
  4 black mambas
  2 torpor snails
  3 gargoyles
  Psyche (D:11)
  6 cane toads
  2 unseen horrors
  4 rime drakes
  9 komodo dragons
  A yaktaur (D:14)
  A tengu conjurer (D:15)
  12 trolls
  A polar bear (Lair:5)
  3 hornets
  A meliai (Lair:3)
  9 saltlings (Orc:2)
  A spectral elephant (Lair:5)
  Prince Ribbit (Lair:2)
  12 blink frogs
  3 dream sheep (Lair:4)
  8 slime creatures
  5 wyverns
  2 vampires
  6 wraiths
  A dire elephant simulacrum (Lair:5)
  61 yaks
  5 fire elementals (D:12)
  4 basilisks
  19 humans (D:14)
  2 death yak simulacra (Lair:5)
  8 wargs
  2 acid dragons
  3 hell hounds (D:12)
  13 water moccasins
  28 orc warriors
  2 ice beasts
  A sky beast (D:7)
  5 elephant zombies (Lair:5)
  2 black bears
  10 wolves
  11 ogres
  13 centaurs
  3 elephant skeletons (Lair:5)
  2 kobold brigands
  Blork the orc (D:6)
  6 bullfrogs
  A gnoll sergeant (D:6)
  4 scorpions
  2 cane toad simulacra (Lair:5)
  10 wights
  16 killer bees
  2 elephant simulacra (Lair:5)
  5 electric eels
  3 howler monkeys (D:9)
  4 jellies
  7 orc priests
  7 hounds
  4 iguanas
  A gnoll bouda (Orc:2)
  15 orc wizards
  A mummy (D:11)
  11 gnolls
  A river rat (Sewer)
  9 adders
  14 white imps
  An ufetubus (D:6)
  2 worms
  2 dart slugs
  62 orcs
  8 bats
  8 endoplasms
  6 giant cockroaches
  6 goblins
  4 hobgoblins
  13 kobolds
  4 quokkas
  4 ball pythons
  3 frilled lizards
  8 rats
651 creatures vanquished.

Vanquished Creatures (others)
  A water elemental (D:11)
  An orc warrior (Orc:2)
  A hound (D:11)
  An orc wizard (D:5)
  A white imp (D:8)
5 creatures vanquished.

Grand Total: 656 creatures vanquished

Notes
Turn   | Place    | Note
-------+----------+-------------------------------------------
     0 | D:1      | qw the Gargoyle Fighter began the quest for the Orb.
     0 | D:1      | Reached XP level 1. HP: 14/14 MP: 1/1
     0 | D:1      | 0 ||| qw: Version: 0.2-a-102-gfc559e5
     0 | D:1      | 0 ||| qw: Game counter: 633
     0 | D:1      | 0 ||| qw: Always use a shield: true
     0 | D:1      | 0 ||| qw: God list: Okawaru
     0 | D:1      | 0 ||| qw: Allow faded altars: false
     0 | D:1      | 0 ||| qw: Do Orc after D:15 true
     0 | D:1      | 0 ||| qw: Do second Lair branch before Depths: true
     0 | D:1      | 0 ||| qw: Lair rune preference: random
     0 | D:1      | 0 ||| qw: Plans: Normal, Zot:1-4, Slime:5, God:TSO, Crypt,
                  | Tomb, Pan, Hells, Abyss, Win
     0 | D:1      | 0 ||| PLANNING D:1-11
    29 | D:1      | Reached skill level 2 in Axes
    81 | D:1      | Reached XP level 2. HP: 19/19 MP: 2/2
   580 | D:1      | Reached skill level 3 in Axes
   685 | D:1      | Reached XP level 3. HP: 23/23 MP: 3/3
  1072 | D:1      | 1072 ||| UPGRADING to +0 pair of boots.
  1077 | D:1      | 1077 ||| UPGRADING to +0 pair of gloves.
  1082 | D:1      | 1082 ||| UPGRADING to +0 helmet.
  1087 | D:1      | 1087 ||| READING 2 scrolls labelled BESTRA ENOTS.
  1088 | D:1      | 1088 ||| READING scroll labelled WIVONWORIEH.
  1089 | D:1      | 1089 ||| READING scroll labelled NIWA RAOTIC.
  1329 | D:2      | 1329 ||| Stepping ~*~*~tactically~*~*~ (stealth).
  1382 | D:2      | Reached XP level 4. HP: 28/28 MP: 4/4
  1406 | D:2      | Reached skill level 4 in Axes
  1409 | D:2      | You fall into a shaft and drop 1 floor!
  1410 | D:3      | 1410 ||| PLANNING SEWER
  1443 | D:3      | Found a glowing drain.
  1465 | D:3      | 1465 ||| UPGRADING to +0 plate armour.
  1475 | D:3      | 1475 ||| DROPPING +0 scale mail.
  1476 | D:3      | 1476 ||| DRINKING 2 red potions.
  1477 | D:3      | 1477 ||| DRINKING 2 glowing inky potions.
  1478 | D:3      | 1478 ||| DRINKING 2 smoky emerald potions.
  1494 | Sewer    | Entered a sewer
  1585 | D:3      | 1585 ||| PLANNING D:1-11
  2006 | D:3      | Identified the +0 dagger of an ice cave {freeze, Fly rC+
                  | SInv}
  2187 | D:3      | Reached XP level 5. HP: 32/32 MP: 5/5
  2190 | D:3      | Found a white marble altar of Elyvilon.
  2431 | D:3      | 2431 ||| DROPPING +0 club.
  2507 | D:3      | 2507 ||| UPGRADING to amulet of faith.
  2512 | D:3      | 2512 ||| READING scroll labelled WOVAVI YS BYG.
  2513 | D:3      | 2513 ||| READING 2 scrolls of identify.
  2513 | D:3      | 2513 ||| IDENTIFYING fuming orange potion
  2583 | D:4      | Reached skill level 5 in Axes
  2595 | D:4      | Found Ukeq's Distillery.
  2605 | D:4      | 2605 ||| BUYING 2 potions of curing (72 gold).
  2605 | D:4      | Bought 2 potions of curing for 72 gold pieces
  2605 | D:4      | 2605 ||| BUYING potion of attraction (36 gold).
  2605 | D:4      | Bought a potion of attraction for 36 gold pieces
  2605 | D:4      | 2605 ||| SHOPLISTING potion of haste (120 gold, have 41).
  2605 | D:4      | 2605 ||| BUYING potion of lignification (36 gold).
  2605 | D:4      | Bought a potion of lignification for 36 gold pieces
  2605 | D:4      | 2605 ||| SHOPLISTING potion of might (48 gold, have 5).
  2713 | D:4      | Found a stormy altar of Qazlal.
  3234 | D:4      | 3234 ||| READING scroll labelled CAUNTO SAUBICK.
  3235 | D:4      | 3235 ||| READING scroll labelled JIRUJIENIF.
  3236 | D:4      | 3236 ||| READING scroll labelled YQINTO JOEHOL.
  3284 | D:5      | Entered Level 5 of the Dungeon
  3287 | D:5      | Noticed an ogre
  3291 | D:5      | Killed an ogre
  3292 | D:5      | Reached XP level 6. HP: 13/37 MP: 6/6
  3301 | D:5      | 3301 ||| Stepping ~*~*~tactically~*~*~ (stealth).
  3302 | D:5      | 3302 ||| Stepping ~*~*~tactically~*~*~ (stealth).
  3427 | D:5      | Noticed a water moccasin
  3441 | D:5      | Killed a water moccasin
  3469 | D:5      | Found an opulent altar of Gozag.
  3568 | D:5      | Found an iron altar of Okawaru.
  3569 | D:5      | 3569 ||| PLANNING OKAWARU WORSHIP
  3570 | D:5      | Became a worshipper of Warmaster Okawaru
  3570 | D:5      | 3570 ||| PLANNING D:1-11
  3585 | D:5      | Found a blossoming altar of Fedhas.
  3596 | D:5      | Reached XP level 7. HP: 44/44 MP: 7/7
  3746 | D:5      | Reached skill level 6 in Axes
  3797 | D:5      | Found a glowing silver altar of Zin.
  3872 | D:5      | Found a staircase to the Ecumenical Temple.
  3874 | D:5      | 3874 ||| Stepping ~*~*~tactically~*~*~ (hiding).
  3884 | D:5      | 3884 ||| Stepping ~*~*~tactically~*~*~ (hiding).
  3905 | D:5      | 3905 ||| DROPPING +0 morningstar.
  4226 | D:5      | 4226 ||| READING 2 scrolls of identify.
  4226 | D:5      | 4226 ||| IDENTIFYING white potion
  4227 | D:5      | 4227 ||| DROPPING potion of degeneration.
  4299 | D:6      | Reached * piety under Okawaru
  4376 | D:6      | Reached skill level 1 in Invocations
  4393 | D:6      | 4393 ||| UPGRADING to ring of see invisible.
  4406 | D:6      | 4406 ||| STAIRDANCE
  4410 | D:6      | 4410 ||| STAIRDANCE
  4414 | D:6      | 4414 ||| STAIRDANCE
  4418 | D:6      | 4418 ||| STAIRDANCE
  4422 | D:6      | 4422 ||| STAIRDANCE
  4426 | D:6      | 4426 ||| STAIRDANCE
  4430 | D:6      | 4430 ||| STAIRDANCE
  4434 | D:6      | 4434 ||| STAIRDANCE
  4438 | D:6      | 4438 ||| STAIRDANCE
  4442 | D:6      | 4442 ||| STAIRDANCE
  4446 | D:6      | 4446 ||| STAIRDANCE
  4450 | D:6      | 4450 ||| STAIRDANCE
  4454 | D:6      | 4454 ||| STAIRDANCE
  4458 | D:6      | 4458 ||| STAIRDANCE
  4462 | D:6      | 4462 ||| STAIRDANCE
  4466 | D:6      | 4466 ||| STAIRDANCE
  4470 | D:6      | 4470 ||| STAIRDANCE
  4474 | D:6      | 4474 ||| STAIRDANCE
  4478 | D:6      | 4478 ||| STAIRDANCE
  4482 | D:6      | 4482 ||| STAIRDANCE
  4491 | D:6      | 4491 ||| FLEEEEING.
  4494 | D:6      | 4494 ||| FLEEEEING.
  4495 | D:6      | 4495 ||| FLEEEEING.
  4503 | D:6      | Reached XP level 8. HP: 48/48 MP: 7/9
  4507 | D:6      | 4507 ||| FLEEEEING.
  4508 | D:6      | 4508 ||| FLEEEEING.
  4509 | D:6      | 4509 ||| FLEEEEING.
  4560 | D:6      | 4560 ||| INVOKING Heroism.
  4636 | D:6      | 4636 ||| DRINKING 4 potions of curing.
  4636 | D:6      | 4636 ||| (to cure confusion)
  4730 | D:6      | Reached skill level 7 in Axes
  4730 | D:6      | Reached skill level 3 in Invocations
  4742 | D:6      | Noticed Blork the orc
  4743 | D:6      | 4743 ||| Stepping ~*~*~tactically~*~*~ (hiding).
  4745 | D:6      | 4745 ||| INVOKING Heroism.
  4749 | D:6      | Killed Blork the orc
  4806 | D:6      | 4806 ||| Stepping ~*~*~tactically~*~*~ (stealth).
  4939 | D:6      | 4939 ||| Stepping ~*~*~tactically~*~*~ (stealth).
  4944 | D:6      | 4944 ||| Stepping ~*~*~tactically~*~*~ (stealth).
  4951 | D:6      | 4951 ||| Stepping ~*~*~tactically~*~*~ (hiding).
  4953 | D:6      | 4953 ||| Stepping ~*~*~tactically~*~*~ (hiding).
  4973 | D:6      | Found a hide-covered altar of Uskayaw.
  5323 | D:6      | 5323 ||| READING scroll labelled LASTOA QE GEG.
  5357 | D:6      | 5357 ||| DRINKING 2 dark potions.
  5358 | D:6      | 5358 ||| DROPPING potion of invisibility.
  5383 | D:7      | 5383 ||| Stepping ~*~*~tactically~*~*~ (stealth).
  5388 | D:7      | 5388 ||| INVOKING Heroism.
  5392 | D:7      | Reached skill level 1 in Dodging
  5510 | D:7      | 5510 ||| Stepping ~*~*~tactically~*~*~ (hiding).
  5659 | D:7      | Reached ** piety under Okawaru
  5726 | D:7      | 5726 ||| INVOKING Heroism.
  5760 | D:7      | Reached XP level 9. HP: 54/54 MP: 12/12
  5761 | D:7      | Found a radiant altar of Vehumet.
  5845 | D:7      | Reached skill level 8 in Axes
  5886 | D:7      | 5886 ||| Stepping ~*~*~tactically~*~*~ (hiding).
  5894 | D:7      | 5894 ||| INVOKING Heroism.
  5964 | D:7      | Reached skill level 6 in Fighting
  6023 | D:7      | Noticed Joseph
  6034 | D:7      | 6034 ||| INVOKING Heroism.
  6038 | D:7      | Killed Joseph
  6038 | D:7      | Reached *** piety under Okawaru
  6240 | D:7      | 6240 ||| INVOKING Heroism.
  6245 | D:7      | Reached skill level 9 in Axes
  6586 | D:7      | 6586 ||| UPGRADING to +1 cloak.
  6591 | D:7      | 6591 ||| DROPPING ring of magical power.
  6592 | D:7      | 6592 ||| READING scroll labelled CIOQIS YNOE.
  6593 | D:7      | 6593 ||| READING 2 scrolls of identify.
  6593 | D:7      | 6593 ||| IDENTIFYING viscous emerald potion
  6623 | D:8      | 6623 ||| READING scroll of enchant armour.
  6623 | D:8      | 6623 ||| ENCHANTING +0 pair of gloves.
  6649 | D:8      | Reached skill level 6 in Armour
  6658 | D:8      | 6658 ||| INVOKING Heroism.
  6796 | D:8      | 6796 ||| INVOKING Heroism.
  6957 | D:8      | 6957 ||| INVOKING Heroism.
  7389 | D:8      | 7389 ||| Stepping ~*~*~tactically~*~*~ (stealth).
  7391 | D:8      | 7391 ||| INVOKING Heroism.
  7397 | D:8      | Reached XP level 10. HP: 63/63 MP: 10/13
  7735 | D:8      | 7735 ||| READING scroll labelled GETEKHL SUNY.
  7736 | D:8      | 7736 ||| READING 2 scrolls of identify.
  7736 | D:8      | 7736 ||| IDENTIFYING amethyst potion
  7737 | D:8      | 7737 ||| DROPPING potion of flight.
  7865 | D:9      | Found a transporter.
  7869 | D:9      | Found a transporter.
  7900 | D:9      | Noticed a two-headed ogre
  7901 | D:9      | 7901 ||| INVOKING Heroism.
  7910 | D:9      | Killed a two-headed ogre
  7911 | D:9      | Reached skill level 10 in Axes
  7957 | D:9      | Found a shimmering altar of Xom.
  7957 | D:9      | Found a shimmering altar of Xom.
  7957 | D:9      | Found a shimmering altar of Xom.
  7957 | D:9      | Noticed a two-headed ogre
  8013 | D:9      | 8013 ||| INVOKING Heroism.
  8225 | D:9      | Found a transporter.
  8229 | D:9      | Found a transporter.
  8270 | D:9      | 8270 ||| INVOKING Heroism.
  8273 | D:9      | Reached **** piety under Okawaru
  8300 | D:9      | 8300 ||| Stepping ~*~*~tactically~*~*~ (stealth).
  8325 | D:9      | 8325 ||| INVOKING Heroism.
  8403 | D:9      | Found a staircase to the Orcish Mines.
  8405 | D:9      | 8405 ||| Stepping ~*~*~tactically~*~*~ (stealth).
  8430 | D:9      | Found a transporter.
  8435 | D:9      | Found a transporter.
  8448 | D:9      | 8448 ||| INVOKING Heroism.
  8789 | D:9      | 8789 ||| READING scroll labelled BOM YKKON VOYS.
  8790 | D:9      | 8790 ||| DRINKING 3 cyan potions.
  8900 | D:9      | 8900 ||| Stepping ~*~*~tactically~*~*~ (hiding).
  8901 | D:9      | 8901 ||| Stepping ~*~*~tactically~*~*~ (hiding).
  8913 | D:9      | 8913 ||| READING 4 scrolls of identify.
  8913 | D:9      | 8913 ||| IDENTIFYING smoky red potion
  8914 | D:9      | 8914 ||| DRINKING potion of experience.
  8914 | D:9      | Reached XP level 11. HP: 68/68 MP: 14/14
  8915 | D:9      | 8915 ||| READING 3 scrolls of identify.
  8915 | D:9      | 8915 ||| IDENTIFYING golden potion
  8916 | D:9      | 8916 ||| DROPPING 2 potions of berserk rage.
  8937 | D:9      | 8937 ||| Stepping ~*~*~tactically~*~*~ (hiding).
  8975 | D:10     | Entered Level 10 of the Dungeon
  9007 | D:10     | 9007 ||| INVOKING Heroism.
  9010 | D:10     | 9010 ||| DRINKING 4 potions of curing.
  9010 | D:10     | 9010 ||| (to cure confusion)
  9013 | D:10     | HP: 15/68 [vampire (6)]
  9014 | D:10     | 9014 ||| DRINKING 4 potions of heal wounds.
  9181 | D:10     | 9181 ||| INVOKING Heroism.
  9245 | D:10     | 9245 ||| READING scroll of enchant weapon.
  9245 | D:10     | 9245 ||| ENCHANTING +1 war axe of venom.
  9298 | D:10     | 9298 ||| Stepping ~*~*~tactically~*~*~ (hiding).
  9398 | D:10     | Noticed a two-headed ogre
  9399 | D:10     | 9399 ||| INVOKING Heroism.
  9409 | D:10     | Killed a two-headed ogre
  9410 | D:10     | Reached skill level 6 in Invocations
  9410 | D:10     | Reached XP level 12. HP: 48/73 MP: 14/16
  9848 | D:10     | 9848 ||| READING scroll labelled IXYLOGRUMA.
  9880 | D:11     | 9880 ||| Stepping ~*~*~tactically~*~*~ (hiding).
  9881 | D:11     | 9881 ||| FLEEEEING.
  9882 | D:11     | 9882 ||| STAIRDANCE
  9986 | D:11     | 9986 ||| INVOKING Heroism.
  9990 | D:11     | Noticed Psyche
  9991 | D:11     | 9991 ||| STAIRDANCE
 10155 | D:11     | 10155 ||| INVOKING Heroism.
 10167 | D:11     | Noticed Erolcha
 10169 | D:11     | Reached skill level 11 in Axes
 10171 | D:11     | Killed Psyche
 10190 | D:11     | Killed Erolcha
 10190 | D:11     | Reached ***** piety under Okawaru
 10194 | D:11     | 10194 ||| FLEEEEING.
 10197 | D:11     | 10197 ||| STAIRDANCE
 10338 | D:11     | 10338 ||| INVOKING Heroism.
 10341 | D:11     | Reached skill level 9 in Fighting
 10346 | D:11     | Received a gift from Okawaru
 10347 | D:11     | 10347 ||| FLEEEEING.
 10348 | D:11     | 10348 ||| FLEEEEING.
 10349 | D:11     | 10349 ||| STAIRDANCE
 10497 | D:11     | Found a staircase to the Lair.
 10507 | D:11     | 10507 ||| FLEEEEING.
 10508 | D:11     | 10508 ||| FLEEEEING.
 10509 | D:11     | 10509 ||| FLEEEEING.
 10510 | D:11     | 10510 ||| FLEEEEING.
 10516 | D:11     | 10516 ||| Stepping ~*~*~tactically~*~*~ (water).
 10537 | D:11     | 10537 ||| FLEEEEING.
 10542 | D:11     | 10542 ||| STAIRDANCE
 10580 | D:11     | 10580 ||| READING 3 scrolls of identify.
 10580 | D:11     | 10580 ||| IDENTIFYING fuming purple potion
 10634 | D:11     | 10634 ||| Stepping ~*~*~tactically~*~*~ (stealth).
 10637 | D:11     | 10637 ||| Stepping ~*~*~tactically~*~*~ (stealth).
 10638 | D:11     | 10638 ||| Stepping ~*~*~tactically~*~*~ (stealth).
 10656 | D:11     | 10656 ||| INVOKING Heroism.
 10766 | D:11     | Reached skill level 9 in Invocations
 10896 | D:11     | 10896 ||| DRINKING 6 potions of curing.
 10896 | D:11     | 10896 ||| (to cure confusion)
 10906 | D:11     | 10906 ||| INVOKING Heroism.
 11010 | D:11     | Found a snail-covered altar of Cheibriados.
 11049 | D:11     | 11049 ||| READING scroll of enchant weapon.
 11049 | D:11     | 11049 ||| ENCHANTING +2 war axe of venom.
 11271 | D:11     | Reached skill level 9 in Armour
 11360 | D:11     | 11360 ||| PLANNING LAIR
 11360 | D:11     | 11360 ||| UPGRADING to +2 pair of gloves.
 11370 | D:11     | 11370 ||| DROPPING +1 pair of gloves.
 11385 | Lair:1   | Entered Level 1 of the Lair of Beasts
 11386 | Lair:1   | 11386 ||| INVOKING Heroism.
 11435 | Lair:1   | 11435 ||| INVOKING Heroism.
 11527 | Lair:1   | 11527 ||| INVOKING Heroism.
 11659 | Lair:1   | 11659 ||| FLEEEEING.
 11880 | Lair:1   | 11880 ||| INVOKING Heroism.
 11902 | Lair:1   | 11902 ||| Stepping ~*~*~tactically~*~*~ (stealth).
 11934 | Lair:1   | 11934 ||| INVOKING Heroism.
 11988 | Lair:1   | 11988 ||| Stepping ~*~*~tactically~*~*~ (stealth).
 11989 | Lair:1   | 11989 ||| INVOKING Heroism.
 12001 | Lair:1   | Reached XP level 13. HP: 80/80 MP: 20/20
 12069 | Lair:1   | 12069 ||| READING scroll labelled AFOAST ACROW.
 12070 | Lair:1   | 12070 ||| READING 2 scrolls of identify.
 12070 | Lair:1   | 12070 ||| IDENTIFYING brown potion
 12071 | Lair:1   | 12071 ||| DROPPING potion of ambrosia.
 12369 | Lair:2   | Reached skill level 12 in Axes
 12385 | Lair:2   | 12385 ||| FLEEEEING.
 12386 | Lair:2   | 12386 ||| STAIRDANCE
 12505 | Lair:2   | Identified the +3 ring mail of the Holding Gods {+Blink}
                  | (Okawaru gifted it to you on level 2 of the Lair of Beasts)
 12505 | Lair:2   | Received a gift from Okawaru
 12539 | Lair:2   | Found a staircase to the Shoals.
 12540 | Lair:2   | 12540 ||| Stepping ~*~*~tactically~*~*~ (hiding).
 12542 | Lair:2   | 12542 ||| Stepping ~*~*~tactically~*~*~ (hiding).
 12543 | Lair:2   | 12543 ||| Stepping ~*~*~tactically~*~*~ (hiding).
 12600 | Lair:2   | Noticed Prince Ribbit
 12601 | Lair:2   | 12601 ||| Stepping ~*~*~tactically~*~*~ (stealth).
 12603 | Lair:2   | 12603 ||| INVOKING Heroism.
 12617 | Lair:2   | Killed Prince Ribbit
 12718 | Lair:2   | Found a frozen archway.
 12737 | Lair:2   | 12737 ||| FLEEEEING.
 12738 | Lair:2   | 12738 ||| FLEEEEING.
 12739 | Lair:2   | 12739 ||| FLEEEEING.
 12740 | Lair:2   | 12740 ||| FLEEEEING.
 12741 | Lair:2   | 12741 ||| FLEEEEING.
 12742 | Lair:2   | 12742 ||| FLEEEEING.
 12743 | Lair:2   | 12743 ||| FLEEEEING.
 12744 | Lair:2   | 12744 ||| FLEEEEING.
 12745 | Lair:2   | 12745 ||| FLEEEEING.
 12746 | Lair:2   | 12746 ||| FLEEEEING.
 12747 | Lair:2   | 12747 ||| FLEEEEING.
 12748 | Lair:2   | 12748 ||| FLEEEEING.
 12749 | Lair:2   | 12749 ||| FLEEEEING.
 12750 | Lair:2   | 12750 ||| FLEEEEING.
 12751 | Lair:2   | 12751 ||| FLEEEEING.
 12752 | Lair:2   | 12752 ||| FLEEEEING.
 12755 | Lair:2   | 12755 ||| Stepping ~*~*~tactically~*~*~ (hiding).
 12756 | Lair:2   | 12756 ||| Stepping ~*~*~tactically~*~*~ (hiding).
 12757 | Lair:2   | 12757 ||| INVOKING Heroism.
 13181 | Lair:2   | 13181 ||| DROPPING amulet of guardian spirit.
 13182 | Lair:2   | 13182 ||| READING scroll labelled BOFRA DABEPOX.
 13235 | Lair:3   | 13235 ||| INVOKING Heroism.
 13269 | Lair:3   | You fall into a shaft and drop 2 floors!
 13269 | Lair:5   | Entered Level 5 of the Lair of Beasts
 13269 | Lair:5   | Found a broken altar of Ashenzari.
 13280 | Lair:5   | 13280 ||| Stepping ~*~*~tactically~*~*~ (hiding).
 13282 | Lair:5   | 13282 ||| Stepping ~*~*~tactically~*~*~ (hiding).
 13298 | Lair:5   | 13298 ||| UPGRADING to ring of positive energy.
 13415 | Lair:4   | 13415 ||| INVOKING Heroism.
 13416 | Lair:4   | 13416 ||| SWAPPING to +2 morningstar of draining.
 13421 | Lair:4   | 13421 ||| SWAPPING to +3 war axe of venom.
 13523 | Lair:3   | 13523 ||| READING scroll of enchant armour.
 13523 | Lair:3   | 13523 ||| ENCHANTING +0 helmet.
 13541 | Lair:3   | 13541 ||| Stepping ~*~*~tactically~*~*~ (stealth).
 13627 | Lair:3   | 13627 ||| INVOKING Heroism.
 13643 | Lair:3   | 13643 ||| Stepping ~*~*~tactically~*~*~ (stealth).
 13648 | Lair:3   | 13648 ||| Stepping ~*~*~tactically~*~*~ (stealth).
 13777 | Lair:3   | 13777 ||| Stepping ~*~*~tactically~*~*~ (stealth).
 13778 | Lair:3   | 13778 ||| INVOKING Heroism.
 13779 | Lair:3   | 13779 ||| Stepping ~*~*~tactically~*~*~ (hiding).
 13788 | Lair:3   | Reached skill level 13 in Axes
 13823 | Lair:3   | Found a hole to the Spider Nest.
 13851 | Lair:3   | 13851 ||| Stepping ~*~*~tactically~*~*~ (stealth).
 13919 | Lair:3   | 13919 ||| Stepping ~*~*~tactically~*~*~ (stealth).
 14119 | Lair:3   | 14119 ||| INVOKING Heroism.
 14345 | Lair:3   | 14345 ||| DROPPING +6 ring of intelligence.
 14489 | Lair:4   | 14489 ||| Stepping ~*~*~tactically~*~*~ (stealth).
 14492 | Lair:4   | 14492 ||| INVOKING Heroism.
 14505 | Lair:4   | HP: 19/82 [komodo dragon (20)]
 14506 | Lair:4   | 14506 ||| DRINKING 5 potions of heal wounds.
 14508 | Lair:4   | 14508 ||| DRINKING 4 potions of heal wounds.
 14522 | Lair:4   | HP: 15/82 [yak (8)]
 14523 | Lair:4   | 14523 ||| DRINKING 3 potions of heal wounds.
 14717 | Lair:4   | 14717 ||| Stepping ~*~*~tactically~*~*~ (hiding).
 14723 | Lair:4   | 14723 ||| INVOKING Heroism.
 14945 | Lair:4   | 14945 ||| Stepping ~*~*~tactically~*~*~ (stealth).
 14957 | Lair:4   | 14957 ||| FLEEEEING.
 14958 | Lair:4   | 14958 ||| FLEEEEING.
 14959 | Lair:4   | 14959 ||| FLEEEEING.
 14960 | Lair:4   | 14960 ||| FLEEEEING.
 14961 | Lair:4   | 14961 ||| FLEEEEING.
 14962 | Lair:4   | 14962 ||| FLEEEEING.
 14963 | Lair:4   | 14963 ||| FLEEEEING.
 14964 | Lair:4   | 14964 ||| FLEEEEING.
 14965 | Lair:4   | 14965 ||| FLEEEEING.
 14966 | Lair:4   | 14966 ||| FLEEEEING.
 14967 | Lair:4   | 14967 ||| FLEEEEING.
 14968 | Lair:4   | 14968 ||| FLEEEEING.
 14969 | Lair:4   | 14969 ||| FLEEEEING.
 14970 | Lair:4   | 14970 ||| FLEEEEING.
 14971 | Lair:4   | 14971 ||| FLEEEEING.
 14972 | Lair:4   | 14972 ||| FLEEEEING.
 14973 | Lair:4   | 14973 ||| STAIRDANCE
 15075 | Lair:3   | 15075 ||| DROPPING +2 hat.
 15084 | Lair:4   | 15084 ||| STAIRDANCE
 15373 | Lair:5   | 15373 ||| INVOKING Heroism.
 15442 | Lair:5   | Received a gift from Okawaru
 15443 | Lair:5   | Reached skill level 14 in Axes
 15514 | Lair:5   | Gained mutation: Your large and strong wings let you fly.
                  | [Gargoyle growth]
 15514 | Lair:5   | Reached XP level 14. HP: 85/88 MP: 21/21
 15571 | Lair:5   | 15571 ||| READING scroll of brand weapon.
 15571 | Lair:5   | 15571 ||| BRANDING +3 war axe of venom.
 15572 | Lair:5   | 15572 ||| DROPPING +2 morningstar of draining.
 15628 | Lair:5   | 15628 ||| INVOKING Heroism.
 15840 | Lair:5   | Found a viscous altar of Jiyva.
 15840 | Lair:5   | Found a staircase to the Slime Pits.
 15889 | Lair:5   | 15889 ||| INVOKING Heroism.
 15892 | Lair:5   | 15892 ||| Stepping ~*~*~tactically~*~*~ (stealth).
 15899 | Lair:5   | Received a gift from Okawaru
 15989 | Lair:5   | 15989 ||| Stepping ~*~*~tactically~*~*~ (stealth).
 15991 | Lair:5   | 15991 ||| Stepping ~*~*~tactically~*~*~ (hiding).
 16120 | Lair:5   | 16120 ||| Stepping ~*~*~tactically~*~*~ (stealth).
 16121 | Lair:5   | 16121 ||| Stepping ~*~*~tactically~*~*~ (stealth).
 16246 | Lair:5   | Noticed a dire elephant
 16246 | Lair:5   | Noticed a dire elephant
 16285 | Lair:5   | 16285 ||| FLEEEEING.
 16286 | Lair:5   | 16286 ||| FLEEEEING.
 16287 | Lair:5   | 16287 ||| FLEEEEING.
 16288 | Lair:5   | 16288 ||| FLEEEEING.
 16289 | Lair:5   | 16289 ||| FLEEEEING.
 16290 | Lair:5   | 16290 ||| FLEEEEING.
 16291 | Lair:5   | 16291 ||| FLEEEEING.
 16292 | Lair:5   | 16292 ||| FLEEEEING.
 16374 | Lair:5   | 16374 ||| FLEEEEING.
 16375 | Lair:5   | 16375 ||| FLEEEEING.
 16382 | Lair:5   | 16382 ||| FLEEEEING.
 16383 | Lair:5   | 16383 ||| FLEEEEING.
 16384 | Lair:5   | 16384 ||| FLEEEEING.
 16387 | Lair:5   | 16387 ||| FLEEEEING.
 16617 | Lair:5   | 16617 ||| Stepping ~*~*~tactically~*~*~ (stealth).
 16794 | Lair:5   | Received a gift from Okawaru
 16812 | Lair:5   | 16812 ||| Stepping ~*~*~tactically~*~*~ (hiding).
 17052 | Lair:5   | 17052 ||| INVOKING Heroism.
 17062 | Lair:5   | Killed a dire elephant
 17066 | Lair:5   | Identified the +5 kite shield of Roovviag {Str+4} (Okawaru
                  | gifted it to you on level 5 of the Lair of Beasts)
 17066 | Lair:5   | Received a gift from Okawaru
 17087 | Lair:5   | Killed a dire elephant
 17088 | Lair:5   | Reached skill level 15 in Axes
 17274 | Lair:5   | 17274 ||| INVOKING Heroism.
 17275 | Lair:5   | 17275 ||| INVOKING Finesse.
 17351 | Lair:5   | 17351 ||| PLANNING D
 17351 | Lair:5   | 17351 ||| UPGRADING to +5 kite shield of Roovviag {Str+4}.
 17361 | Lair:5   | 17361 ||| DROPPING +0 buckler.
 17362 | Lair:5   | 17362 ||| DROPPING amulet of magic regeneration.
 17363 | Lair:5   | 17363 ||| READING scroll labelled RAOSEZXEKOA.
 17539 | D:12     | Noticed Azrael
 17540 | D:12     | 17540 ||| INVOKING Heroism.
 17541 | D:12     | 17541 ||| INVOKING Finesse.
 17549 | D:12     | Killed Azrael
 17717 | D:12     | 17717 ||| Stepping ~*~*~tactically~*~*~ (hiding).
 17841 | D:12     | 17841 ||| Stepping ~*~*~tactically~*~*~ (hiding).
 17855 | D:12     | 17855 ||| INVOKING Heroism.
 17856 | D:12     | 17856 ||| INVOKING Finesse.
 17869 | D:12     | Reached skill level 12 in Shields
 18045 | D:12     | Noticed Snorg
 18046 | D:12     | 18046 ||| INVOKING Heroism.
 18059 | D:12     | Killed Snorg
 18190 | D:12     | Noticed Josephine
 18191 | D:12     | 18191 ||| Stepping ~*~*~tactically~*~*~ (stealth).
 18192 | D:12     | 18192 ||| Stepping ~*~*~tactically~*~*~ (hiding).
 18201 | D:12     | Killed Josephine
 18209 | D:12     | 18209 ||| FLEEEEING.
 18262 | D:12     | 18262 ||| Stepping ~*~*~tactically~*~*~ (hiding).
 18270 | D:12     | Reached skill level 12 in Fighting
 18332 | D:12     | Found a blossoming altar of Fedhas.
 18419 | D:12     | 18419 ||| Stepping ~*~*~tactically~*~*~ (stealth).
 18420 | D:12     | 18420 ||| Stepping ~*~*~tactically~*~*~ (stealth).
 18457 | D:12     | 18457 ||| Stepping ~*~*~tactically~*~*~ (hiding).
 18460 | D:12     | 18460 ||| INVOKING Heroism.
 18538 | D:12     | 18538 ||| FLEEEEING.
 18539 | D:12     | 18539 ||| FLEEEEING.
 18571 | D:12     | 18571 ||| Stepping ~*~*~tactically~*~*~ (hiding).
 19006 | D:13     | Reached XP level 15. HP: 92/96 MP: 22/22
 19145 | D:13     | Noticed qw's ghost (journeyman GrFi)
 19146 | D:13     | Found a runed translucent gate.
 19146 | D:13     | Found a runed translucent gate.
 19146 | D:13     | Found a runed translucent gate.
 19170 | D:13     | Found a transporter.
 19172 | D:13     | Noticed a frost giant
 19172 | D:13     | Noticed a frost giant
 19178 | D:13     | Received a gift from Okawaru
 19313 | D:13     | Found a transporter.
 19354 | D:13     | 19354 ||| INVOKING Heroism.
 19363 | D:13     | Reached skill level 3 in Dodging
 19544 | D:13     | 19544 ||| Stepping ~*~*~tactically~*~*~ (hiding).
 19546 | D:13     | 19546 ||| Stepping ~*~*~tactically~*~*~ (hiding).
 19862 | D:13     | 19862 ||| UPGRADING to +6 ring of dexterity.
 19889 | D:14     | 19889 ||| Stepping ~*~*~tactically~*~*~ (hiding).
 19939 | D:14     | 19939 ||| READING scroll of enchant armour.
 19939 | D:14     | 19939 ||| ENCHANTING +1 helmet.
 19941 | D:14     | 19941 ||| Stepping ~*~*~tactically~*~*~ (hiding).
 19944 | D:14     | 19944 ||| Stepping ~*~*~tactically~*~*~ (hiding).
 20204 | D:14     | Found a gate to the Vaults.
 20216 | D:14     | 20216 ||| INVOKING Heroism.
 20219 | D:14     | Identified the +1 pair of boots "Lulev" {Stlth+} (Okawaru
                  | gifted it to you on level 14 of the Dungeon)
 20219 | D:14     | Received a gift from Okawaru
 20221 | D:14     | Reached skill level 16 in Axes
 20354 | D:14     | 20354 ||| INVOKING Heroism.
 20357 | D:14     | 20357 ||| Stepping ~*~*~tactically~*~*~ (stealth).
 20393 | D:14     | 20393 ||| Stepping ~*~*~tactically~*~*~ (stealth).
 20397 | D:14     | 20397 ||| Stepping ~*~*~tactically~*~*~ (stealth).
 20403 | D:14     | 20403 ||| Stepping ~*~*~tactically~*~*~ (hiding).
 20409 | D:14     | 20409 ||| Stepping ~*~*~tactically~*~*~ (hiding).
 20412 | D:14     | 20412 ||| INVOKING Heroism.
 20505 | D:14     | 20505 ||| FLEEEEING.
 20511 | D:14     | 20511 ||| STAIRDANCE
 20639 | D:13     | 20639 ||| UPGRADING to +1 pair of boots "Lulev" {Stlth+}.
 20649 | D:13     | 20649 ||| DROPPING +0 pair of boots.
 20650 | D:13     | 20650 ||| UPGRADING to +2 plate armour of willpower.
 20660 | D:13     | 20660 ||| DROPPING +0 plate armour.
 20661 | D:13     | 20661 ||| UPGRADING to +4 plate armour of fire resistance.
 20671 | D:13     | 20671 ||| DROPPING +2 plate armour of willpower.
 20694 | D:14     | 20694 ||| INVOKING Heroism.
 20809 | D:14     | Reached skill level 12 in Armour
 20897 | D:14     | 20897 ||| INVOKING Heroism.
 21220 | D:15     | Entered Level 15 of the Dungeon
 21221 | D:15     | 21221 ||| INVOKING Heroism.
 21265 | D:15     | 21265 ||| INVOKING Heroism.
 21566 | D:15     | Found a stormy altar of Qazlal.
 21667 | D:15     | Received a gift from Okawaru
 21757 | D:15     | 21757 ||| Stepping ~*~*~tactically~*~*~ (hiding).
 21896 | D:15     | 21896 ||| Stepping ~*~*~tactically~*~*~ (hiding).
 21920 | D:15     | Identified the scarf "Wyfae" {+Inv, Str+4} (Okawaru gifted
                  | it to you on level 15 of the Dungeon)
 21920 | D:15     | Received a gift from Okawaru
 21921 | D:15     | Reached skill level 3 in Throwing
 21953 | D:15     | 21953 ||| Stepping ~*~*~tactically~*~*~ (hiding).
 22019 | D:15     | 22019 ||| Stepping ~*~*~tactically~*~*~ (hiding).
 22027 | D:15     | 22027 ||| INVOKING Heroism.
 22029 | D:15     | 22029 ||| DRINKING 9 potions of curing.
 22029 | D:15     | 22029 ||| (to cure confusion)
 22247 | D:15     | Found a staircase to the Depths.
 22491 | D:15     | 22491 ||| DROPPING scarf "Wyfae" {+Inv, Str+4}.
 22557 | D:15     | 22557 ||| PLANNING ORC
 22698 | Orc:1    | Entered Level 1 of the Orcish Mines
 22699 | Orc:1    | 22699 ||| INVOKING Heroism.
 22845 | Orc:1    | 22845 ||| Stepping ~*~*~tactically~*~*~ (hiding).
 23017 | Orc:2    | Entered Level 2 of the Orcish Mines
 23032 | Orc:1    | 23032 ||| Stepping ~*~*~tactically~*~*~ (stealth).
 23038 | Orc:1    | Noticed an orc warlord
 23039 | Orc:1    | 23039 ||| INVOKING Heroism.
 23040 | Orc:1    | 23040 ||| INVOKING Finesse.
 23071 | Orc:1    | Killed an orc warlord
 23072 | Orc:1    | Reached XP level 16. HP: 91/103 MP: 17/23
 23289 | Orc:1    | 23289 ||| Stepping ~*~*~tactically~*~*~ (stealth).
 23571 | Orc:2    | 23571 ||| Stepping ~*~*~tactically~*~*~ (stealth).
 23747 | Orc:2    | Found a runed translucent gate.
 23747 | Orc:2    | Found a runed translucent gate.
 23747 | Orc:2    | Found a runed translucent gate.
 23748 | Orc:2    | Noticed qw's ghost (journeyman GrFi)
 23748 | Orc:2    | Noticed qw's ghost (adept GrFi)
 23749 | Orc:2    | Noticed qw's ghost (adept GrFi)
 23788 | Orc:2    | Found Kewiuq's Vocational Training.
 23903 | Orc:2    | 23903 ||| INVOKING Heroism.
 23981 | Orc:2    | 23981 ||| INVOKING Heroism.
 23984 | Orc:2    | 23984 ||| Stepping ~*~*~tactically~*~*~ (stealth).
 23996 | Orc:2    | 23996 ||| Stepping ~*~*~tactically~*~*~ (hiding).
 24028 | Orc:2    | 24028 ||| INVOKING Heroism.
 24054 | Orc:2    | Reached skill level 6 in Throwing
 24101 | Orc:2    | Found Vourrahu's General Store.
 24107 | Orc:2    | 24107 ||| BUYING +5 ring of evasion (540 gold).
 24107 | Orc:2    | Bought a +5 ring of evasion for 540 gold pieces
 24107 | Orc:2    | 24107 ||| BUYING potion of lignification (45 gold).
 24107 | Orc:2    | Bought a potion of lignification for 45 gold pieces
 24107 | Orc:2    | 24107 ||| BUYING scroll of acquirement (780 gold).
 24107 | Orc:2    | Bought a scroll of acquirement for 780 gold pieces
 24107 | Orc:2    | 24107 ||| READING scroll of acquirement.
 24107 | Orc:2    | 24107 ||| ACQUIRING 875 gold pieces
 24107 | Orc:2    | Acquired 875 gold pieces
 24126 | Orc:2    | 24126 ||| INVOKING Heroism.
 24183 | Orc:2    | Found Ryokha's Weapon Shop.
 24197 | Orc:2    | 24197 ||| INVOKING Heroism.
 24363 | Orc:2    | Found Canaov's Assorted Antiques.
 24373 | Orc:2    | 24373 ||| SHOPLISTING +15 Maxwell's patent armour {-Cast
                  | -Tele rElec Will+ rCorr} (2660 gold, have 1534).
 24373 | Orc:2    | 24373 ||| BUYING potion of attraction (75 gold).
 24373 | Orc:2    | Bought a potion of attraction for 75 gold pieces
 24373 | Orc:2    | 24373 ||| BUYING potion of heal wounds (125 gold).
 24373 | Orc:2    | Bought a potion of heal wounds for 125 gold pieces
 24373 | Orc:2    | 24373 ||| BUYING potion of resistance (250 gold).
 24373 | Orc:2    | Bought a potion of resistance for 250 gold pieces
 24373 | Orc:2    | 24373 ||| BUYING shiny brass wand (100 gold).
 24373 | Orc:2    | Bought a shiny brass wand for 100 gold pieces
 24390 | Orc:2    | Found Tynul's Jewellery Boutique.
 24391 | Orc:2    | 24391 ||| INVOKING Heroism.
 24417 | Orc:2    | 24417 ||| BUYING +6 ring of strength (504 gold).
 24417 | Orc:2    | Bought a +6 ring of strength for 504 gold pieces
 24417 | Orc:2    | 24417 ||| BUYING ring of fire (350 gold).
 24417 | Orc:2    | Bought a ring of fire for 350 gold pieces
 24417 | Orc:2    | 24417 ||| SHOPLISTING ring of ice (350 gold, have 130).
 24493 | Orc:2    | Found a staircase to the Elven Halls.
 24496 | Orc:2    | 24496 ||| Stepping ~*~*~tactically~*~*~ (stealth).
 24610 | Orc:2    | 24610 ||| PLANNING SPIDER:1-3
 24610 | Orc:2    | 24610 ||| UPGRADING to +5 ring of evasion.
 24612 | Orc:2    | 24612 ||| DROPPING ring of positive energy.
 24613 | Orc:2    | 24613 ||| UPGRADING to ring of see invisible.
 24615 | Orc:2    | 24615 ||| DROPPING ring of see invisible.
 24616 | Orc:2    | 24616 ||| DROPPING +6 ring of dexterity.
 24617 | Orc:2    | 24617 ||| DROPPING wand of polymorph (8).
 24767 | Spider:1 | Entered Level 1 of the Spider Nest
 24768 | Spider:1 | 24768 ||| INVOKING Heroism.
 24781 | Spider:1 | HP: 25/104 [entropy weaver (6)]
 24782 | Spider:1 | 24782 ||| READING 2 scrolls of teleportation.
 24782 | Spider:1 | HP: 7/104 [wolf spider (10)]
 24782 | Spider:1 | Slain by an entropy weaver

Levels and vault maps discovered:
D:1:      amcnicky_arrival_wind_blow, layout_basic, grunt_decor_arrowhead,
          chequers_big_river
D:2:      layout_basic
D:3:      layout_loops_ring, elyvilon_altar_1, gup_sewer_entry_glass
D:4:      layout_basic, mainiacjoe_overflow_brackets,
          hangedman_abyss_or_decor_slice, nicolae_stop_n_shop_2,
          minmay_misc_feat_rows, hex_intersection, hangedman_decor_push,
          eino_curves_04, kennysheep_generic_room_10
D:5:      layout_loops_ring, grunt_gozag_breadcrumbs, lemuel_round_altar,
          nicolae_overflow_hidden_temple, marbit_many_paths,
          minmay_temple_entry_grid
D:6:      layout_basic, eat_drink_and_be_merry_uskayaw, uniq_blork_the_orc
D:7:      layout_basic, nicolae_vehumet_radiance, ebering_dispersal_statue_hall,
          uniq_joseph
D:8:      layout_basic, serial_bayou_ford_a, fountainhead
D:9:      layout_loops_ring, xom_shifter_show, minmay_orc_entry_guard_dogs,
          serial_nicolae_subway, nicolae_sub_station_crystal,
          nicolae_sub_station_stone, nicolae_sub_station_metal
D:10:     layout_irregular_city
D:11:     layout_roguey, erik_lair_island, slow_altar_1, uniq_psyche,
          uniq_erolcha
D:12:     layout_loops_ring, fedhas_bush_and_centaur_altar, uniq_azrael,
          uniq_snorg, uniq_josephine
D:13:     gammafunk_sealed_arena, layout_irregular_city,
          gammafunk_ghost_necromancy
D:14:     layout_rooms, grunt_vaults_entry_tiered,
          nicolae_concentric_dashed_squares_wild
D:15:     gammafunk_enter_depths_forms, layout_loops_corners, chequers_avenue,
          grunt_qazlal_sundering
Lair:1:   layout_chaotic_city, disabler_island
Lair:2:   layout_hall_layers, minmay_shoals_entry_centaurs,
          portal_ice_cave_entry_imps, serial_bayou_pond_c, uniq_prince_ribbit2
Lair:3:   layout_loops_ring, hellmonk_spider_entry_not_the_bees,
          lemuel_fruit_tree
Lair:4:   layout_regular_city
Lair:5:   due_jungle_book, layout_loops_ring, slime_entry_1, basic_altar,
          serial_rivers, chequers_serial_rivers_small_3,
          chequers_serial_rivers_small_a, chequers_serial_rivers_micro_e,
          chequers_serial_rivers_room_b, st_stairs_13, minivault_25,
          nicolae_lair_grazing_beasts [nicolae_sub_lair_graze_edge,
          nicolae_sub_lair_graze_edge, nicolae_sub_lair_graze_edge,
          nicolae_sub_lair_graze_edge]
Spider:1: layout_spider_delve, uniq_aizul, uniq_jorgrun, uniq_donald
Orc:1:    layout_caves, nicolae_orc_flooded_monolith
Orc:2:    hellmonk_orc_salted, layout_caves, gammafunk_ghost_cemetery,
          nicolae_shop_vocational

Skill      XL: |  1  2  3  4  5  6  7  8  9 10 11 12 13 14 15 16 |
---------------+-------------------------------------------------+-----
Axes           | 2 3 4 5 6 7 9 10 11 14 15 16 | 16.0
Throwing       | 2 5 7 |  7.0
Fighting       | 4 5 7 8 9 10 12 13 | 13.0
Armour         | 4 5 6 8 9 10 11 12 | 12.3
Invocations    | 1 4 5 6 10 | 10.0
Dodging        | 1 2 4 5 |  5.0
Shields        | 4 11 12 13 | 13.0

Action                     |  1- 3 |  4- 6 |  7- 9 | 10-12 | 13-15 | 16-18 || total
---------------------------+-------+-------+-------+-------+-------+-------++-------
  Melee: War axe           |    77 |   116 |   220 |   347 |  1287 |   227 ||  2274
         Morningstar       |       |       |       |       |     4 |       ||     4
  Throw: Boomerang         |       |     5 |    51 |    20 |    25 |     9 ||   110
         Javelin           |       |       |       |       |    11 |    14 ||    25
 Invoke: Heroism           |       |       |    11 |    19 |    29 |     7 ||    66
         Finesse           |       |       |       |       |     4 |       ||     4
    Use: Scroll            |     3 |     5 |     5 |     9 |     7 |     2 ||    31
         Potion            |       |     3 |     2 |     5 |     4 |       ||    14
   Stab: Invisible         |       |       |     3 |       |       |       ||     3
 Armour: Scale mail        |    38 |     8 |       |       |       |       ||    46
         Plate armour      |       |    56 |   138 |   253 |   638 |    85 ||  1170
  Dodge: Dodged            |    26 |    28 |    83 |   164 |   305 |    63 ||   669
  Block: Buckler           |    16 |    19 |    43 |   115 |   158 |       ||   351
         Kite shield       |       |       |       |       |   407 |   151 ||   558

Table legend:
 A = Non-vault XP
 B = Vault XP
 C = Vault XP percentage of total XP
 D = Non-vault monster count
 E = Vault monster count
 F = Vault count percentage of total count
                 A         B        C        D         E       F
            +---------+---------+-------+---------+---------+-------
      Total |   85688 |   54070 |  38.7 |     463 |     191 |  29.2
            +---------+---------+-------+---------+---------+-------
        D:1 |      38 |       0 |   0.0 |      20 |       0 |   0.0
        D:2 |      67 |       0 |   0.0 |      18 |       0 |   0.0
        D:3 |      75 |      19 |  20.2 |      15 |       4 |  21.1
        D:4 |      49 |       2 |   3.9 |       4 |       1 |  20.0
        D:5 |     692 |       3 |   0.4 |      16 |       1 |   5.9
        D:6 |     724 |      91 |  11.2 |      19 |       1 |   5.0
        D:7 |    1466 |     493 |  25.2 |      27 |       1 |   3.6
        D:8 |    1058 |       0 |   0.0 |      17 |       0 |   0.0
        D:9 |    2567 |     524 |  17.0 |      23 |       3 |  11.5
       D:10 |    3607 |     453 |  11.2 |      18 |       3 |  14.3
       D:11 |    6136 |    1587 |  20.5 |      30 |       9 |  23.1
       D:12 |    8503 |    5422 |  38.9 |      26 |      17 |  39.5
       D:13 |    2925 |       0 |   0.0 |       5 |       0 |   0.0
       D:14 |   13852 |    7993 |  36.6 |      27 |      25 |  48.1
       D:15 |    8318 |    5928 |  41.6 |      24 |       9 |  27.3
     Lair:1 |    5249 |       0 |   0.0 |      21 |       0 |   0.0
     Lair:2 |    3649 |    1683 |  31.6 |      15 |      19 |  55.9
     Lair:3 |    2500 |     615 |  19.7 |      10 |       6 |  37.5
     Lair:4 |    6800 |       0 |   0.0 |      23 |       0 |   0.0
     Lair:5 |   11652 |   12883 |  52.5 |      37 |      37 |  50.0
      Orc:1 |    4490 |       0 |   0.0 |      38 |       0 |   0.0
      Orc:2 |    1271 |   16355 |  92.8 |      30 |      49 |  62.0
      Sewer |       0 |      19 | 100.0 |       0 |       6 | 100.0
            +---------+---------+-------+---------+---------+-------
